 Dungeon Crawl Stone Soup version 0.29.0-13-gc9e81de378 (webtiles) character file.

Game seed: 6197446195673060247

47 AbrileMaio the Sneak (level 3, 0/16 HPs)
             Began as a Spriggan Enchanter on Sept 8, 2022.
             Succumbed to an adder's poison
             ... on level 5 of the Dungeon.
             The game lasted 00:05:57 (1897 turns).

AbrileMaio the Sneak (Spriggan Enchanter)           Turns: 1897, Time: 00:05:58

Health: 0/16       AC:  2    Str:  4    XL:     3   Next: 48%
Magic:  8/8        EV: 17    Int: 16    God:
Gold:   71         SH:  0    Dex: 17    Spells: 4/7 levels left

rFire   . . .      SeeInvis +   a - +1 dagger
rCold   . . .      Faith    .   (no shield)
rNeg    + . .      Spirit   .   b - +0 robe
rPois   .          Reflect  .   (helmet restricted)
rElec   .          Harm     .   (no cloak)
rCorr   .          Rampage  .   (gloves unavailable)
Will    .....                   (boots unavailable)
Stlth   ++........              (no amulet)
HPRegen 0.05/turn               h - ring of positive energy
MPRegen 0.11/turn               (no ring)

@: lethally poisoned (0 -> -6), slow
A: very small, no large weapons, unfitting armour, see invisible, speed 3
a: no special abilities


You were on level 5 of the Dungeon.
You visited 1 branch of the dungeon, and saw 5 of its levels.

You collected 71 gold pieces.

Inventory:

Hand Weapons
 a - a +1 dagger (weapon)
Missiles
 f - 11 stones (quivered)
 p - 3 poisoned darts
Armour
 b - a +0 robe (worn)
Jewellery
 h - a ring of positive energy (left hand)
Wands
 n - a wand of paralysis (1)
Scrolls
 g - a scroll of fear {unknown}
 i - a scroll of poison {unknown}
 k - a scroll of vulnerability {unknown}
 l - 2 scrolls of identify {unknown}
Potions
 c - 2 potions of invisibility
 d - 2 potions of heal wounds {unknown}
 e - 3 potions of brilliance {unknown}
 j - a potion of curing {unknown}
 m - 2 potions of lignification {unknown}
 o - a potion of degeneration {unknown}


   Skills:
 + Level 3.8 Short Blades
 - Level 2.6 Dodging
 - Level 4.4 Stealth
 - Level 2.6 Spellcasting
 - Level 3.6 Hexes


You had 4 spell levels left.
You knew the following spells:

 Your Spells              Type           Power      Damage    Failure   Level
a - Confusing Touch       Hex            13%        N/A       13%         3

Your spell library contained the following spells:

 Spells                   Type           Power      Damage    Failure   Level
 Tukima's Dance           Hex            13%        N/A       13%         3
 Ensorcelled Hibernation  Hex/Ice        14%        N/A       14%         2
 Dazzling Flash           Conj/Hex       14%        N/A       28%         3


Dungeon Overview and Level Annotations

Branches:
Dungeon (5/15)
 Temple: D:4-7

Altars:


Innate Abilities, Weirdness & Mutations

You are very small and have problems with some larger weapons.
You are too small for most types of armour.
You have supernaturally acute eyesight. (SInv)
You cover ground extremely quickly. (Speed+++)


Message History

Your unstable footing causes you to fumble your attack.
The giant cockroach splashes around in the water.
Your unstable footing causes you to fumble your attack.
The giant cockroach bites you but does no damage.
You hit the giant cockroach but do no damage.
The giant cockroach is heavily wounded.
The giant cockroach misses you.
You barely miss the giant cockroach.
The giant cockroach is moderately wounded.
The giant cockroach barely misses you.
You hit the giant cockroach.
You kill the giant cockroach!
You see here a worm corpse.
You flicker back into view.
You enter the shallow water.
Moving in this stuff is going to be slow.
An adder comes into view.
The adder hisses angrily.
The adder completely misses you.
Your unstable footing causes you to fumble your attack.
The adder bites you.
You are poisoned.
The adder poisons you!
You hit the adder.
The adder is lightly wounded.
You hit the adder but do no damage.
The adder is lightly wounded.
You feel sick. The adder bites you.
Your unstable footing causes you to fumble your attack.
You feel sick. The adder bites you but does no damage.
The adder attacks as you move away! The adder completely misses you.
You feel sick. The adder closely misses you.
You feel sick. The adder misses you. The adder attacks as you move away!
The adder closely misses you.
You hear the slow rusting of a drain.
You feel sick. The adder bites you.
* * * LOW HITPOINT WARNING * * *
You are more poisoned.
The adder poisons you!
You die...

.....#
#.#~~~~~.~~##
......
#..########.#
.....# #.##~
#~# .....#
#.#.# #~#
....!# #.#~#
#.# .....#
#.#~# #~#
..#~# #†#
#.#~#######~#
####~S~@~.~##
#########


You could see an adder.

Vanquished Creatures
  2 adders
  A river rat (D:5)
  A worm (D:5)
  3 ball pythons
  An endoplasm (D:1)
  3 giant cockroaches
  2 hobgoblins (D:1)
  3 kobolds
  2 rats (D:1)
18 creatures vanquished.

Notes
Turn   | Place    | Note
-------+----------+-------------------------------------------
     0 | D:1      | AbrileMaio the Spriggan Enchanter began the quest for the
                  | Orb.
     0 | D:1      | Reached XP level 1. HP: 9/9 MP: 5/5
   360 | D:1      | Found a faded altar of an unknown god.
   430 | D:1      | Reached XP level 2. HP: 9/13 MP: 6/6
  1085 | D:4      | Noticed a scorpion
  1663 | D:4      | Reached XP level 3. HP: 16/16 MP: 8/8
  1725 | D:4      | Learned a level 3 spell: Confusing Touch
  1840 | D:5      | Entered Level 5 of the Dungeon
  1897 | D:5      | Succumbed to an adder's poison

Illustrated notes

Levels and vault maps discovered:
D:1:      dpeg_arrival_court, layout_rooms,
          dreamdust_ecumenical_altar_hidden_monk_grotto, moated_statue,
          minmay_tetromino_i4
D:2:      layout_basic
D:3:      layout_loops_ring, chequers_temple_overflow_statue_of_worship,
          minivault_24
D:4:      layout_basic, uniq_natasha
D:5:      layout_basic, eat_drink_and_be_merry_uskayaw, gup_sewer_entry_spiral,
          kennysheep_generic_room_8, uniq_edmund

Skill      XL: |  1  2 |
---------------+-------+-----
Short Blades   | 2 3 |  3.8
Dodging        | |  2.6
Stealth        | |  4.4
Spellcasting   | |  2.6
Hexes          | |  3.6

Action                   || total
-------------------------++-------
Melee: Dagger            ||    85
  Use: Potion            ||     1
 Stab: Sleeping          ||     7
       Distracted        ||     1
Armor: Robe              ||     5
Dodge: Dodged            ||    65
